 Dungeon Sprint DCSS version 0.17-a0-1450-g7e755d1 (webtiles) character file.

40872 shklvsk the Corrupter of Planes (level 13, -37/109 HPs)
             Began as a Demonspawn Abyssal Knight on June 30, 2015.
             Was the Champion of Lugonu.
             Killed from afar by an orb of fire (93 damage)
             ... with a fireball
             ... in the Dungeon (Sprint IX: "|||||||||||||||||||||||||||||").
             The game lasted 00:50:23 (8554 turns).

shklvsk the Corrupter of Planes (DsAK)              Turns: 8554, Time: 00:50:23

Health: -37/109    AC: 17    Str: 18    XL:     13   Next: 77%
Magic:  12/26      EV: 29    Int: 18    God:    Lugonu [******]
Gold:   111        SH:  0    Dex: 15    Spells: 0 memorised, 12 levels left

rFire  . . .     SeeInvis .     n - +2 scimitar (flame)
rCold  . . .     Clarity  .     G - +1 troll leather armour of Intuition {Regen+ Str+5 Stlth-}
rNeg   . . .     SustAt   .     (no shield)
rPois  +         Gourm    .     O - +2 helmet {Int+3}
rElec  .         Spirit   .     C - +0 cloak
rCorr  .         Warding  .     o - +0 pair of gloves
rMut   .         NoTele   +     p - +0 pair of boots
MR     .....                    (no amulet)
Stlth  +.........               E - +5 ring of evasion
                                J - ring of poison resistance

@: starving, not resistant to hostile enchantments, very unstealthy
A: hooves 1, rough black scales 1, deformed body, deterioration 1, foul stench
1, powered by death 2, rot immunity
a: Bend Space, Banish, Corrupt, Renounce Religion


You were in the Dungeon.
You worshipped Lugonu.
Lugonu was exalted by your worship.
You were starving.

You visited 1 branch You collected 1714 gold pieces.
You spent 1603 gold pieces at shops.

Inventory:

Hand weapons
 a - a +1 falchion
 f - a +0 antimagic quarterstaff
 n - a +2 scimitar of flaming (weapon)
 x - a +0 great sword
 K - a +2 scimitar of venom
 L - a +1 double sword
Missiles
 c - 5 javelins (quivered)
Armour
 b - a +0 plate armour
 o - a +0 pair of gloves (worn)
 p - a +0 pair of boots (worn)
 y - a +0 helmet
 C - a +0 cloak (worn)
 D - the +0 chain mail of Ynweh {Str+3}
   (You bought it in a shop in the Dungeon)

   It affects your strength (+3).
 G - the +1 troll leather armour of Intuition (worn) {Regen+ Str+5 Stlth-}
   (You bought it in a shop in the Dungeon)

   It affects your strength (+5).
   It increases your rate of regeneration.
   It makes you less stealthy.
 M - the +2 scale mail of Existentialism {rPois Regen+}
   (You found it in the Dungeon)

   It protects you from poison.
   It increases your rate of regeneration.
 N - a +1 fire dragon armour
 O - a +2 helmet of intelligence (worn)
 P - a +1 ice dragon armour
Jewellery
 r - a +3 ring of dexterity
 s - a +2 ring of protection
 E - a +5 ring of evasion (right hand)
 H - an uncursed ring of see invisible
 I - an uncursed ring of protection from cold
 J - a ring of poison resistance (left hand)
Magical devices
 m - a wand of cold (7)
Scrolls
 k - 3 scrolls of remove curse
 l - 2 scrolls of amnesia
 u - 2 scrolls of fog
 v - 3 scrolls of identify
 w - 2 scrolls of recharging
 Q - 2 scrolls of enchant weapon
 R - a scroll of fear
Potions
 d - 3 potions of curing
 e - 2 potions of cure mutation
 g - 4 potions of magic
 h - 8 potions of heal wounds
 j - a potion of invisibility
 q - a potion of brilliance
 t - a potion of flight
Miscellaneous
 F - a sack of spiders {used: 4}
Comestibles
 z - 34 fruits
 A - 10 bread rations
 B - 11 meat rations


   Skills:
 + Level 12.9 Fighting
 - Level 14.9 Long Blades
 + Level 13.3 Armour
 * Level 17.8 Dodging
 - Level 3.8 Stealth
 - Level 19.9 Invocations
 * Level 12.3 Evocations


You had 12 spell levels left.
You didn't know any spells.

Dungeon Overview and Level Annotations

Branches:
Dungeon (1/1)

Altars:
Cheibriados
Dithmenos
Elyvilon
Fedhas
Gozag
Kikubaaqudgha
Makhleb
Nemelex Xobeh
Okawaru
Qazlal
Ru
Sif Muna
Trog
Vehumet
Xom
Yredelemnul
Zin
The Shining One
Beogh
Jiyva
Lugonu

Shops:
D %[*:

Annotations:
D corrupted, Boris


Innate Abilities, Weirdness & Mutations

You have large cloven feet.
You are partially covered in rough black scales (AC +4, Dex -1).
You may emit foul miasma when damaged in melee.
You regenerate health from kills.
You are immune to rotting.
Armour fits poorly on your strangely shaped body.
Your body sometimes deteriorates upon taking damage.


Message History

Your jumping spider's corpse disappears in a puff of smoke!
The orb of fire glows bright magenta.
The bolt of fire misses you.
Evoke which item? (* to show all) (? for menu, Esc to quit)
You reach into the bag... ...but nothing happens.
Evoke which item? (* to show all) (? for menu, Esc to quit)
Okay, then.
Drink which item? (? for menu, Esc to quit)
Okay, then.
Use which ability? (? or * to list) Lugonu's Hand of Corruption reaches out!
You are starving!
Send 'em back where they came from!
The eye of draining shudders.
The emperor scorpion stings the eye of draining!
The emperor scorpion completely misses the eye of draining.
The emperor scorpion claws the eye of draining.
The orb of fire emits a lurid red light.
The fireball explodes!
The fireball engulfs you!
Ouch! That really hurt!
You die...

...............(.................
▓▓▓▓▓▓▓▓▓▓▓▓▓▓▓▓▓▓▓▓▓▓▓▓▓▓▓▓▓▓▓▓▓
.)))).).)..[..[.[[.....(....'.)(.
▓▓▓▓▓▓▓▓▓▓▓▓▓▓▓▓▓▓▓▓▓▓▓▓▓▓▓▓▓▓▓▓▓
...........................)(....
▓▓▓▓▓▓▓▓▓▓▓▓▓▓▓▓▓▓▓▓▓▓▓▓▓▓▓▓▓▓▓♣♣
((((...)...'''.......))........'♣
▓▓▓▓▓▓▓▓▓▓▓▓▓▓▓▓▓▓▓▓▓▓▓▓▓▓▓▓▓▓▓♣♣
.sd.MsdM.MssGso*@E.Xx.X..........
▓▓▓▓▓▓▓▓▓▓▓▓▓▓▓▓▓▓▓▓▓▓▓▓▓▓▓▓▓▓▓▓▓
.(.'(.(B.(p.p........''.Gulpp
▓▓▓▓▓▓▓▓▓▓▓▓▓▓▓▓▓▓▓▓▓▓▓▓▓▓▓▓▓


You could see a greater mummy, an orb of fire, 3 emperor scorpions, an orc
knight, a neutral starcursed mass, a neutral large abomination, a neutral earth
elemental, a neutral eye of draining and a neutral small abomination.

Vanquished Creatures
  A vault warden (D)
  An ettin (D)
  A merfolk impaler (D)
  2 great orbs of eyes (D)
  An ice dragon (D)
  An ogre mage (D)
  A centaur warrior (D)
  An alligator (D)
  2 tengu warriors (D)
  2 deep troll earth magi (D)
  2 spriggan berserkers (D)
  A naga sharpshooter (D)
  A naga ritualist (D)
  A giant orange brain (D)
  A spriggan druid (D)
  7 orc knights (D)
  A swamp dragon (D)
  A manticore (D)
  An ugly thing (D)
  An orb spider (D)
  4 black mambas (D)
  A spiny frog (D)
  A vault sentinel (D)
  2 komodo dragons (D)
  A yaktaur (D)
  2 fire drakes (D)
  A merfolk (D)
  A jumping spider (D)
  A boulder beetle (shapeshifter) (D)
  2 snapping turtles (D)
  2 slime creatures (D)
  A blink frog (D)
  A shadow (D)
  2 redbacks (D)
  A wyvern (D)
  2 trapdoor spiders (D)
  A yak (D)
  3 hippogriffs (D)
  3 wargs (D)
  Grum (D)
  A naga (D)
  A hungry ghost (D)
  5 wolves (D)
  A vampire mosquito (D)
  An insubstantial wisp (D)
  3 hell hounds (D)
  2 water moccasins (D)
  3 porcupines (D)
  13 orc warriors (D)
  A centaur (D)
  A wasp (D)
  4 giant frogs (D)
  2 crimson imps (D)
  A hound (D)
  2 orc wizards (D)
  A sheep (D)
  A river rat (D)
  2 shadow imps (D)
  2 adder skeletons (D)
  9 orcs (D)
  A goblin (D)
  A jackal (D)
  A bat simulacrum (D)
  A giant cockroach (D)
  A giant cockroach zombie (D)
  2 giant newts (D)
  2 kobolds (D)
  2 rats (D)
130 creatures vanquished.

Vanquished Creatures (collateral kills)
  An ironbrand convoker (D)
1 creature vanquished.

Vanquished Creatures (others)
  A sphinx (D)
  A frost giant (D)
  An orc warlord (D)
  A vampire knight (D)
  A yaktaur captain (D)
  A merfolk impaler (D)
  3 entropy weavers (D)
  An anaconda (D)
  An ice dragon (D)
  An ogre mage (D)
  A merfolk aquamancer (D)
  A satyr (D)
  A centaur warrior (D)
  An alligator (D)
  5 orc high priests (D)
  A flayed ghost (D)
  A swamp dragon (D)
  A naga ritualist (D)
  An orc knight (D)
  A salamander (D)
  A water nymph (D)
  A yaktaur (shapeshifter) (D)
  A tengu conjurer (D)
  A troll (D)
  A snapping turtle (D)
  A swamp drake (D)
  A jelly (D)
33 creatures vanquished.

Grand Total: 164 creatures vanquished

Notes
Turn   | Place    | Note
--------------------------------------------------------------
     0 | D        | shklvsk the Demonspawn Abyssal Knight began the quest for the Orb.
     0 | D        | Reached XP level 1. HP: 18/18 MP: 2/2
     8 | D        | Acquired Lugonu's second power
    30 | D        | Noticed a crimson imp
    39 | D        | Acquired Lugonu's third power
    39 | D        | Reached skill level 1 in Dodging
    47 | D        | Acquired Lugonu's fourth power
    47 | D        | Gained mutation: You are immune to rotting. [demonic ancestry]
    47 | D        | Reached XP level 2. HP: 12/24 MP: 4/4
    51 | D        | Killed a crimson imp
    51 | D        | Reached skill level 4 in Long Blades
    51 | D        | Reached skill level 1 in Stealth
    51 | D        | Reached XP level 3. HP: 12/29 MP: 4/6
   244 | D        | Found a glowing silver altar of Zin.
   244 | D        | Found a glowing golden altar of the Shining One.
   244 | D        | Found an ancient bone altar of Kikubaaqudgha.
   244 | D        | Found a basalt altar of Yredelemnul.
   244 | D        | Found a shimmering altar of Xom.
   244 | D        | Found a radiant altar of Vehumet.
   245 | D        | Found an iron altar of Okawaru.
   246 | D        | Found a burning altar of Makhleb.
   247 | D        | Found a deep blue altar of Sif Muna.
   248 | D        | Found a bloodstained altar of Trog.
   249 | D        | Found a sparkling altar of Nemelex Xobeh.
   250 | D        | Found a white marble altar of Elyvilon.
   251 | D        | Found a roughly hewn altar of Beogh.
   252 | D        | Found a viscous altar of Jiyva.
   253 | D        | Found a corrupted altar of Lugonu.
   254 | D        | Found a blossoming altar of Fedhas.
   255 | D        | Found a snail-covered altar of Cheibriados.
   256 | D        | Found a shadowy altar of Dithmenos.
   257 | D        | Found a stormy altar of Qazlal.
   258 | D        | Found an opulent altar of Gozag.
   259 | D        | Found a sacrificial altar of Ru.
   311 | D        | Noticed a wyvern
   311 | D        | Noticed a crimson imp
   311 | D        | Noticed a yak
   337 | D        | Killed a wyvern
   337 | D        | Acquired Lugonu's fifth power
   337 | D        | Reached skill level 7 in Long Blades
   337 | D        | Reached skill level 5 in Armour
   337 | D        | Reached skill level 5 in Invocations
   337 | D        | Reached XP level 4. HP: 35/35 MP: 7/7
   337 | D        | Gained mutation: You have large cloven feet. [demonic ancestry]
   337 | D        | Reached XP level 5. HP: 41/41 MP: 8/8
   340 | D        | Killed a yak
   340 | D        | Reached skill level 8 in Long Blades
   340 | D        | Reached skill level 5 in Dodging
   340 | D        | Reached XP level 6. HP: 47/47 MP: 8/10
   351 | D        | Killed a crimson imp
   439 | D        | Noticed an orc warrior
   439 | D        | Noticed a hound
   439 | D        | Noticed a centaur
   439 | D        | Noticed a troll
   439 | D        | Noticed a centaur warrior
   450 | D        | Killed an orc warrior
   679 | D        | Killed a hound
   679 | D        | Reached skill level 9 in Long Blades
   689 | D        | Killed a centaur
   689 | D        | Reached XP level 7. HP: 50/52 MP: 11/11
   700 | D        | Banished a troll
   745 | D        | Banished a centaur warrior
   745 | D        | Reached skill level 10 in Long Blades
   963 | D        | Noticed Urug
   969 | D        | Banished Urug
   969 | D        | Gained mutation: You are partially covered in rough black scales (AC +4, Dex -1). [demonic ancestry]
   969 | D        | Reached XP level 8. HP: 30/58 MP: 8/13
  1155 | D        | Noticed a komodo dragon
  1155 | D        | Noticed a water moccasin
  1155 | D        | Noticed a porcupine
  1155 | D        | Noticed a water moccasin
  1160 | D        | Noticed a blink frog
  1170 | D        | Killed a komodo dragon
  1170 | D        | Reached skill level 11 in Long Blades
  1173 | D        | Noticed a hippogriff
  1422 | D        | Killed a porcupine
  1435 | D        | Killed a water moccasin
  1447 | D        | Killed a hippogriff
  1460 | D        | Killed a water moccasin
  1460 | D        | Reached XP level 9. HP: 40/63 MP: 15/15
  1483 | D        | Noticed a fire drake
  1641 | D        | Killed a fire drake
  1641 | D        | Reached skill level 12 in Long Blades
  1641 | D        | Reached skill level 10 in Armour
  1669 | D        | Killed a blink frog
  1756 | D        | Noticed a porcupine
  1756 | D        | Noticed a giant frog
  1756 | D        | Noticed a wolf
  1756 | D        | Noticed a komodo dragon
  1756 | D        | Noticed a black mamba
  1756 | D        | Noticed a giant frog
  1764 | D        | Noticed a fire drake
  1766 | D        | Killed a porcupine
  1766 | D        | Reached skill level 10 in Invocations
  1769 | D        | Noticed a porcupine
  1778 | D        | Killed a giant frog
  1788 | D        | Noticed a giant frog
  1788 | D        | Killed a wolf
  2023 | D        | Killed a porcupine
  2027 | D        | Killed a giant frog
  2290 | D        | Killed a fire drake
  2290 | D        | Reached skill level 13 in Long Blades
  2316 | D        | Killed a giant frog
  2323 | D        | Killed a komodo dragon
  2349 | D        | Killed a black mamba
  2547 | D        | Noticed a hell hound
  2547 | D        | Noticed a warg
  2547 | D        | Noticed a wolf
  2555 | D        | Noticed a wolf
  2559 | D        | Noticed a warg
  2560 | D        | Noticed a hell hound
  2567 | D        | Killed a hell hound
  2567 | D        | Gained mutation: You regenerate a little health from kills. [demonic ancestry]
  2567 | D        | Reached XP level 10. HP: 58/70 MP: 18/18
  2568 | D        | Noticed a warg
  2576 | D        | Noticed a hell hound
  2577 | D        | Killed a warg
  2596 | D        | Killed a warg
  2596 | D        | Reached skill level 14 in Long Blades
  2610 | D        | Killed a hell hound
  2613 | D        | Killed a warg
  2626 | D        | Killed a hell hound
  2637 | D        | Killed a wolf
  2640 | D        | Killed a wolf
  2841 | D        | Noticed Erica
  2845 | D        | Banished Erica
  2973 | D        | Noticed an orc warrior
  2973 | D        | Noticed an orc warrior
  3001 | D        | Killed an orc warrior
  3011 | D        | Killed an orc warrior
  3062 | D        | Noticed an orc wizard
  3068 | D        | Killed an orc wizard
  3076 | D        | Noticed an orc warrior
  3077 | D        | Noticed an orc wizard
  3091 | D        | Killed an orc warrior
  3096 | D        | Killed an orc wizard
  3096 | D        | Reached skill level 1 in Evocations
  3129 | D        | Noticed an orc warrior
  3129 | D        | Noticed an orc warrior
  3129 | D        | Noticed an orc warrior
  3129 | D        | Noticed an orc warrior
  3129 | D        | Noticed an orc warrior
  3169 | D        | Killed an orc warrior
  3177 | D        | Killed an orc warrior
  3186 | D        | Killed an orc warrior
  3195 | D        | Killed an orc warrior
  3198 | D        | Killed an orc warrior
  3214 | D        | Noticed an orc high priest
  3216 | D        | Banished an orc high priest
  3226 | D        | Noticed an orc warrior
  3248 | D        | Killed an orc warrior
  3263 | D        | Noticed an orc knight
  3298 | D        | Killed an orc knight
  3317 | D        | Noticed an orc warrior
  3322 | D        | Killed an orc warrior
  3334 | D        | Noticed an orc warrior
  3345 | D        | Killed an orc warrior
  3345 | D        | Reached skill level 5 in Fighting
  3368 | D        | Noticed an orc warrior
  3387 | D        | Killed an orc warrior
  3405 | D        | Found Typh's Food Emporium.
  3405 | D        | Noticed an orc knight
  3405 | D        | Noticed an orc high priest
  3405 | D        | Noticed an orc high priest
  3405 | D        | Noticed an orc knight
  3405 | D        | Noticed an orc knight
  3407 | D        | Noticed an ice devil
  3410 | D        | Noticed a sixfirhy
  3444 | D        | Noticed a sixfirhy
  3445 | D        | Noticed a rust devil
  3487 | D        | Noticed a sixfirhy
  3495 | D        | Noticed an ice devil
  3539 | D        | Noticed a rust devil
  3541 | D        | HP: 3/74 [spatial distortion (3)]
  3606 | D        | Banished an orc high priest
  3628 | D        | Noticed an ice devil
  3634 | D        | HP: 1/74 [orc high priest/divine providence (9)]
  3654 | D        | Noticed a rust devil
  3686 | D        | Banished an orc high priest
  4006 | D        | Killed an orc knight
  4006 | D        | Reached XP level 11. HP: 77/81 MP: 20/20
  4013 | D        | Noticed an orc knight
  4047 | D        | Killed an orc knight
  4054 | D        | Banished an orc knight
  4054 | D        | Reached skill level 5 in Evocations
  4366 | D        | Found Deofuba's Antique Armour Shoppe.
  4368 | D        | Noticed an orc high priest
  4370 | D        | Banished an orc high priest
  4370 | D        | Reached skill level 10 in Dodging
  4375 | D        | Found Guogett's Assorted Antiques.
  4376 | D        | Noticed an orc knight
  4382 | D        | Noticed an orc high priest
  4388 | D        | Noticed a soul eater
  4401 | D        | Killed an orc knight
  4408 | D        | Banished an orc high priest
  4628 | D        | Found Soumu's Book Shoppe.
  4631 | D        | Noticed an orc knight
  4632 | D        | Noticed an orc knight
  4633 | D        | Noticed an orc knight
  4634 | D        | Noticed an orc high priest
  4645 | D        | Noticed an ice devil
  4647 | D        | Killed an orc knight
  4675 | D        | Noticed a soul eater
  4699 | D        | Killed an orc knight
  4780 | D        | HP: 3/84 [orc high priest/divine providence (13)]
  4786 | D        | Banished an orc high priest
  4800 | D        | Killed an orc knight
  4800 | D        | Reached skill level 15 in Invocations
  5101 | D        | Bought a fine chain mail for 199 gold pieces
  5111 | D        | Identified the cursed +0 chain mail of Ynweh {Str+3} (You bought it in a shop in the Dungeon)
  5124 | D        | Bought a glowing bronze ring for 135 gold pieces
  5132 | D        | Bought a sack of spiders for 540 gold pieces
  5132 | D        | Bought a potion of heal wounds for 135 gold pieces
  5132 | D        | Bought a scroll of fog for 54 gold pieces
  5154 | D        | Noticed Psyche
  5156 | D        | Banished Psyche
  5175 | D        | Bought a crude troll leather armour for 540 gold pieces
  5185 | D        | Identified the +1 troll leather armour of Intuition {Regen+ Str+5 Stlth-} (You bought it in a shop in the Dungeon)
  5249 | D        | Noticed Sonja
  5250 | D        | Banished Sonja
  5322 | D        | Got the +2 scale mail of Existentialism {rPois Regen+}
  5371 | D        | Noticed a hungry ghost
  5371 | D        | Noticed a hippogriff
  5371 | D        | Noticed a hippogriff
  5371 | D        | Noticed a jelly
  5371 | D        | Noticed a giant frog
  5375 | D        | Killed a hungry ghost
  5383 | D        | Killed a hippogriff
  5385 | D        | Noticed a slime creature
  5388 | D        | Killed a hippogriff
  5391 | D        | Killed a jelly
  5411 | D        | Killed a slime creature
  5416 | D        | Killed a giant frog
  5437 | D        | Noticed a yaktaur
  5438 | D        | Noticed a frost giant
  5439 | D        | Banished a frost giant
  5449 | D        | Noticed a slime creature
  5450 | D        | Noticed a frost giant
  5450 | D        | Noticed a tengu conjurer
  5454 | D        | Noticed an ogre mage
  5454 | D        | Killed a yaktaur
  5460 | D        | Killed a slime creature
  5469 | D        | Banished a frost giant
  5469 | D        | Reached skill level 16 in Invocations
  5473 | D        | Banished an ogre mage
  5486 | D        | Banished a tengu conjurer
  5635 | D        | Noticed a tengu warrior
  5657 | D        | Killed a tengu warrior
  5657 | D        | Gained mutation: You regenerate health from kills. [demonic ancestry]
  5657 | D        | Reached XP level 12. HP: 66/95 MP: 24/24
  5781 | D        | Noticed an anaconda
  5781 | D        | Noticed a naga ritualist
  5781 | D        | Noticed a black mamba
  5781 | D        | Noticed a salamander
  5781 | D        | Noticed a naga sharpshooter
  5781 | D        | Noticed a naga
  5787 | D        | Banished an anaconda
  5787 | D        | Reached skill level 17 in Invocations
  5952 | D        | Killed a naga ritualist
  5960 | D        | Killed a black mamba
  6016 | D        | Killed a naga sharpshooter
  6020 | D        | Banished a salamander
  6119 | D        | Noticed a black mamba
  6124 | D        | Killed a black mamba
  6138 | D        | Noticed a black mamba
  6146 | D        | Killed a black mamba
  6152 | D        | Noticed a naga ritualist
  6168 | D        | Banished a naga ritualist
  6173 | D        | Killed a naga
  6306 | D        | Noticed a jumping spider
  6306 | D        | Noticed an entropy weaver
  6306 | D        | Noticed an orb spider
  6306 | D        | Noticed a redback
  6306 | D        | Noticed an entropy weaver
  6306 | D        | Noticed a wasp
  6307 | D        | Banished an entropy weaver
  6342 | D        | Killed an orb spider
  6342 | D        | Reached skill level 10 in Fighting
  6342 | D        | Reached skill level 18 in Invocations
  6345 | D        | Killed a jumping spider
  6374 | D        | Killed a redback
  6378 | D        | Banished an entropy weaver
  6379 | D        | Noticed a trapdoor spider
  6387 | D        | Killed a trapdoor spider
  6393 | D        | Killed a wasp
  6398 | D        | Noticed a redback
  6407 | D        | Killed a redback
  6412 | D        | Noticed a trapdoor spider
  6420 | D        | Killed a trapdoor spider
  6422 | D        | Noticed a snapping turtle
  6422 | D        | Noticed a satyr
  6422 | D        | Noticed a merfolk aquamancer
  6422 | D        | Noticed a merfolk impaler
  6422 | D        | Noticed a snapping turtle
  6422 | D        | Noticed a snapping turtle
  6423 | D        | Banished a snapping turtle
  6424 | D        | Banished a satyr
  6427 | D        | Banished a merfolk aquamancer
  6458 | D        | Banished a merfolk impaler
  6538 | D        | Killed a snapping turtle
  6609 | D        | Killed a snapping turtle
  6617 | D        | Noticed a merfolk
  6631 | D        | Killed a merfolk
  6637 | D        | Noticed a manticore
  6652 | D        | Killed a manticore
  6668 | D        | Noticed a water nymph
  6678 | D        | Banished a water nymph
  6725 | D        | Noticed a vampire mosquito
  6725 | D        | Noticed an insubstantial wisp
  6725 | D        | Noticed an alligator
  6725 | D        | Noticed a spriggan druid
  6725 | D        | Noticed a five-headed hydra
  6725 | D        | Noticed a spiny frog
  6726 | D        | Killed a vampire mosquito
  6726 | D        | Reached skill level 19 in Invocations
  6729 | D        | Noticed an alligator
  6733 | D        | Noticed a giant leech
  6733 | D        | Killed an insubstantial wisp
  6804 | D        | Banished an alligator
  6814 | D        | Killed a spriggan druid
  6839 | D        | Noticed a swamp dragon
  6843 | D        | Banished a swamp dragon
  6843 | D        | Reached skill level 10 in Evocations
  6844 | D        | Noticed a swamp drake
  6853 | D        | Banished a swamp drake
  6950 | D        | Banished a five-headed hydra
  6953 | D        | Killed a spiny frog
  6975 | D        | Noticed a four-headed hydra
  7153 | D        | Killed an alligator
  7184 | D        | Banished a giant leech
  7185 | D        | Noticed a shadow
  7197 | D        | Killed a shadow
  7224 | D        | Noticed Grum
  7224 | D        | Noticed a wolf
  7238 | D        | Killed Grum
  7242 | D        | Killed a wolf
  7243 | D        | Noticed a wolf
  7253 | D        | Killed a wolf
  7277 | D        | Noticed Boris
  7584 | D        | Noticed a swamp dragon
  7598 | D        | Killed a swamp dragon
  7731 | D        | Noticed a tengu warrior
  7731 | D        | Noticed a stone giant
  7731 | D        | Noticed a centaur warrior
  7731 | D        | Noticed an ice dragon
  7731 | D        | Noticed an ogre mage
  7731 | D        | Noticed an ice dragon
  7735 | D        | Banished a stone giant
  7735 | D        | Gained mutation: You may emit foul miasma when damaged in melee. [demonic ancestry]
  7735 | D        | Reached XP level 13. HP: 99/106 MP: 17/26
  7779 | D        | Killed a tengu warrior
  7788 | D        | Killed a centaur warrior
  7803 | D        | Killed an ice dragon
  7810 | D        | Killed an ogre mage
  7810 | D        | Reached skill level 15 in Dodging
  7822 | D        | Banished an ice dragon
  7858 | D        | Noticed a spriggan berserker
  7860 | D        | Noticed a spriggan berserker
  7908 | D        | Killed a spriggan berserker
  7920 | D        | Killed a spriggan berserker
  7982 | D        | Noticed a deep troll earth mage
  7993 | D        | Killed a deep troll earth mage
  7994 | D        | Noticed a vampire knight
  7995 | D        | Paralysed by a vampire knight for 2 turns
  7999 | D        | Banished a vampire knight
  8062 | D        | Noticed a flayed ghost
  8063 | D        | Noticed a yaktaur captain
  8064 | D        | Noticed a deep troll earth mage
  8066 | D        | Noticed an ettin
  8067 | D        | Banished a flayed ghost
  8069 | D        | Noticed a black mamba
  8070 | D        | Noticed an entropy weaver
  8085 | D        | Banished a yaktaur captain
  8116 | D        | Killed a deep troll earth mage
  8141 | D        | Killed an ettin
  8153 | D        | Banished an entropy weaver
  8247 | D        | Noticed a giant orange brain
  8265 | D        | Killed a giant orange brain
  8293 | D        | Noticed a great orb of eyes
  8301 | D        | Killed a great orb of eyes
  8307 | D        | Noticed a vault sentinel
  8307 | D        | Noticed a great orb of eyes
  8307 | D        | Noticed a white ugly thing
  8307 | D        | Noticed an ironbrand convoker
  8307 | D        | Noticed a vault sentinel
  8307 | D        | Noticed a vault warden
  8353 | D        | Killed a vault sentinel
  8362 | D        | Killed a great orb of eyes
  8391 | D        | Killed a white ugly thing
  8402 | D        | Killed a vault warden
  8486 | D        | Noticed a sphinx
  8493 | D        | Noticed a merfolk impaler
  8520 | D        | Killed a merfolk impaler
  8522 | D        | Banished a sphinx
  8527 | D        | Noticed an orc warlord
  8527 | D        | Noticed a red draconian
  8527 | D        | Noticed a greater mummy
  8528 | D        | Noticed an emperor scorpion
  8534 | D        | Banished an orc warlord
  8537 | D        | Noticed an orb of fire
  8545 | D        | Noticed an emperor scorpion
  8546 | D        | Killed an ironbrand convoker
  8547 | D        | Noticed an emperor scorpion
  8548 | D        | Gained mutation: Armour fits poorly on your strangely shaped body. [an orb of fire]
  8549 | D        | Gained mutation: Your body sometimes deteriorates upon taking damage. [an orb of fire]
  8551 | D        | Noticed an emperor scorpion
  8551 | D        | Noticed an emperor scorpion
  8554 | D        | Corrupted D
  8554 | D        | Noticed a starcursed mass
  8554 | D        | Killed from afar by an orb of fire

Vault maps used:
D:        linesprint

Action                   |  1- 3 |  4- 6 |  7- 9 | 10-12 | 13-15 || total
-------------------------+-------+-------+-------+-------+-------++-------
Melee: Falchion          |    29 |       |       |       |       ||    29
       Scimitar          |    22 |    32 |   163 |   726 |   201 ||  1144
Invok: Bend Space        |       |     1 |     4 |    13 |     6 ||    24
       Banish            |       |       |     5 |    51 |    16 ||    72
       Corrupt           |       |       |       |       |     1 ||     1
Evoke: Sack of spiders   |       |       |       |     3 |     3 ||     6
  Use: Potion            |     4 |       |     1 |     6 |     1 ||    12
       Scroll            |       |       |       |     4 |       ||     4
 Stab: Distracted        |     1 |       |       |       |       ||     1
  Eat: Bread ration      |       |       |     1 |     2 |       ||     3
       Chunk             |       |       |     2 |    18 |     7 ||    27
       Fruit             |       |       |       |     4 |     2 ||     6
       Meat ration       |       |       |       |     1 |       ||     1
